 Dungeon Crawl Stone Soup version 0.16.0-17-g811c1d7 (webtiles) character file.

221015 wojtek the Spry (level 19, -3/124 HPs)
             Began as a Kobold Assassin on Mar 21, 2015.
             Was the Champion of Makhleb.
             Slain by a skeletal warrior
             ... wielding a +0 halberd
              (27 damage)
             ... on level 1 of the Vaults on Mar 22, 2015.
             The game lasted 02:54:25 (51900 turns).

wojtek the Spry (Kobold Assassin)                  Turns: 51900, Time: 02:54:25

Health: -3/124     AC:  8    Str: 15    XL:     19   Next: 41%
Magic:  32/32      EV: 29    Int: 15    God:    Makhleb [******]
Gold:   2276       SH:  8    Dex: 19    Spells: 5 memorised, 5 levels left

rFire  + . .     SeeInvis .     a - +3 dagger (elec)
rCold  + . .     Clarity  +     J - +0 leather armour {rN+}
rNeg   + . .     SustAb   .     x - +0 buckler
rPois  +         Gourm    .     n - +2 helmet
rElec  .         Spirit   .     l - -2 cloak of the Gravedigger {rPois rC+}
rCorr  .         Warding  .     Y - +0 pair of gloves
rMut   .         Stasis   .     K - +0 pair of boots
MR     +....                    j - amulet of clarity
Stlth  +++.......               H - ring of protection from fire
                                O - +4 ring of slaying

@: mighty, somewhat resistant to hostile enchantments, fairly stealthy
A: carnivore 3
a: Minor Destruction, Lesser Servant of Makhleb, Major Destruction, Greater
Servant of Makhleb, Renounce Religion
}: 2/15 runes: decaying, gossamer


You were on level 1 of the Vaults.
You worshipped Makhleb.
Makhleb was exalted by your worship.
You were full.

You visited 7 branches of the dungeon, and saw 39 of its levels.
You also visited: Sewer and Ice Cave.

You collected 3631 gold pieces.
You spent 1355 gold pieces at shops.

Inventory:

Hand weapons
 a - a +3 dagger of electrocution (weapon)
 b - a +0 blowgun
 A - the +8 short sword "Quxujith" {pierce, rPois Int+5}
   (You found it on level 6 of the Lair of Beasts)

   It inflicts extra damage upon your enemies.
   It affects your intelligence (+5).
   It protects you from poison.
Missiles
 e - 133 poisoned needles
 f - 7 curare-tipped needles {=f}
 s - 5 throwing nets (quivered)
Armour
 l - the -2 cloak of the Gravedigger (worn) {rPois rC+}
   (You found it on level 7 of the Lair of Beasts)

   It protects you from cold.
   It protects you from poison.
 n - a +2 helmet (worn)
 x - a +0 buckler (worn)
 J - a +0 leather armour of positive energy (worn)
 K - a +0 pair of boots (worn)
 V - a +2 robe of cold resistance
 Y - a +0 pair of gloves (worn)
Jewellery
 j - an amulet of clarity (around neck)
 t - an uncursed ring of teleport control
 H - a ring of protection from fire (right hand)
 M - an uncursed amulet of rage
 O - a +4 ring of slaying (left hand)
 X - an uncursed ring of protection from fire
 Z - the ring "Erhuesa" {Ice rElec rPois rN+ MP-9 Str+3}
   (You found it on level 5 of the Lair of Beasts)

   [ring of ice]

   It enhances your ice magic, and weakens your fire magic.
   It affects your strength (+3).
   It makes you vulnerable to fire.
   It protects you from cold.
   It insulates you from electricity.
   It protects you from poison.
   It protects you from negative energy.
   It affects your magic capacity (-9).
Magical devices
 p - a wand of cold (1)
 q - a wand of digging (6)
 v - a wand of lightning (7)
 G - a wand of heal wounds (5)
 N - a wand of fire (3)
Scrolls
 d - 5 scrolls of fear
 o - 15 scrolls of remove curse
 u - 9 scrolls of teleportation
 y - 8 scrolls of fog
 C - 3 scrolls of identify
 D - 7 scrolls of magic mapping
 I - 4 scrolls of summoning
Potions
 c - 2 potions of cancellation
 i - 5 potions of agility
 k - a potion of invisibility
 m - a potion of resistance
 r - 15 potions of curing
 z - 2 potions of haste
 B - 4 potions of heal wounds
 E - 5 potions of might
 F - a potion of ambrosia
 L - a potion of lignification
 P - 2 potions of berserk rage
Comestibles
 g - 13 meat rations


   Skills:
 + Level 15.6 Fighting
 + Level 15.6 Short Blades
 - Level 2.6 Throwing
 * Level 4.7 Armour
 + Level 16.5 Dodging
 - Level 5.3 Stealth
 + Level 9.6 Shields
 - Level 4.1 Summonings
 - Level 14.5 Necromancy
 - Level 7.4 Translocations
 - Level 11.5 Invocations


You had 5 spell levels left.
You knew the following spells:

 Your Spells              Type           Power        Failure   Level  Hunger
a - Blink                 Tloc           N/A          2%          2    ###....
b - Summon Small Mammal   Summ           ##..         8%          1    ##.....
c - Call Canine Familiar  Summ           ##......     21%         3    ####...
d - Animate Dead          Necr           N/A          1%          4    #####..
e - Recall                Summ/Tloc      N/A          12%         3    ####...


Dungeon Overview and Level Annotations

Branches:
Dungeon (15/15)            Temple (1/1) D:5            Lair (8/8) D:9
  Swamp (5/5) Lair:6       Spider (5/5) Lair:6        Slime (0/6) Lair:8
    Orc (4/4) D:12            Elf (0/3) Orc:4        Vaults (1/5) D:13
 Depths (0/5) D:15

Altars:
Ashenzari
Cheibriados
Dithmenos
Elyvilon
Fedhas
Gozag
Kikubaaqudgha
Makhleb
Nemelex Xobeh
Okawaru
Qazlal
Ru
Sif Muna
Trog
Vehumet
Xom
Yredelemnul
Zin
The Shining One
Jiyva

Shops:
D:7 %   D:10 :   D:13 %   Orc:2 %   Orc:4 ([*:

Annotations:
D:7 exclusion: statue


Innate Abilities, Weirdness & Mutations

You are small and have problems with some larger weapons.
You are carnivorous and can eat meat at any time.


Message History

The skeletal warrior is struck by the twisting air!
The yaktaur hits you!
* * * LOW HITPOINT WARNING * * *
You hit the skeletal warrior.
The skeletal warrior is almost destroyed.
The skeletal warrior barely misses you.
The skeletal warrior closely misses your blizzard demon.
The skeletal warrior hits you from afar with a halberd.
* * * LOW HITPOINT WARNING * * *
You puncture the skeletal warrior!!
You destroy the skeletal warrior!
Makhleb accepts your kill.
You feel a little better. The yaktaur hits you!!
* * * LOW HITPOINT WARNING * * *
You barely miss the yaktaur.
The yaktaur is lightly wounded.
You hit the yaktaur!
There is a sudden explosion of sparks!
The yaktaur is heavily wounded.
The skeletal warrior hits you from afar with a halberd!!
You die...

###+###########
#........2§...#
#........)∩...#
#.........§...#
#..z..........#
#c)2..........#
#.@...........#
###############


You could see a skeletal warrior, a yaktaur and a friendly blizzard demon.

Vanquished Creatures
  A tentacled monstrosity (Swamp:5)
  Kirke (D:14)
  A thorn hunter (Swamp:4)
  Donald (Orc:3)
  Maud (Swamp:1)
  An orc warlord (Orc:4)
  3 ghost moths (Spider:5)
  A balrug (Swamp:4)
  3 emperor scorpions (Spider:5)
  A very ugly thing (Swamp:5)
  Snorg (Lair:3)
  2 blizzard demons (IceCv)
  Josephine (Orc:4)
  2 fire dragons (D:15)
  Fannar (Lair:2)
  17 hydras
  Erica (Lair:3)
  5 alligators
  A ghost crab (Swamp:5)
  15 death yaks
  5 centaur warriors
  5 orc high priests
  2 spriggans
  The ghost of valak23 the Skirmisher, an experienced DrWn of Okawaru (D:8)
  A fire crab (Lair:8)
  4 skeletal warriors
  A deep elf knight (D:13)
  A spriggan druid (Swamp:4)
  An unseen horror (D:14)
  3 lindwurms
  5 ice devils (IceCv)
  An ice statue (IceCv)
  4 swamp dragons
  3 shambling mangroves
  3 cyclopes
  5 hill giants
  16 wolf spiders
  A spectral hydra (Swamp:5)
  3 griffons
  A necromancer (Lair:2)
  14 orb spiders
  11 ugly things
  7 hornets
  4 orc knights
  21 slime creatures
  A guardian serpent (Lair:8)
  7 orc sorcerers
  4 moths of wrath
  3 elephants (Lair:8)
  2 manticores
  2 gargoyles
  8 black mambas
  A torpor snail (Lair:8)
  Psyche (D:8)
  30 spiny frogs
  3 orange demons
  5 komodo dragons
  3 kobold demonologists
  2 anaconda simulacra (IceCv)
  A queen bee (Lair:4)
  A redback zombie (D:14)
  3 fire drakes
  9 trolls
  9 demonic crawlers
  19 jumping spiders
  3 boulder beetles
  2 blue devils (IceCv)
  A two-headed ogre (D:11)
  8 giant leeches
  Grinder (D:3)
  3 polar bears
  A wolf spider simulacrum (IceCv)
  7 ravens
  A harpy skeleton (D:15)
  23 blink frogs
  10 bog bodies
  3 shadows
  A vampire (D:15)
  6 basilisks
  39 redbacks
  A dire elephant simulacrum (IceCv)
  The ghost of wojtek the Slicer, an average KoAs (D:3)
  14 trapdoor spiders
  16 tarantellas
  6 wyverns
  17 yaks
  A hungry ghost (D:13)
  5 wraiths
  2 hogs (D:14)
  3 deep elf magi
  9 hippogriffs
  A death yak simulacrum (IceCv)
  2 deep elf fighters (D:13)
  3 iron troll simulacra (IceCv)
  8 vampire mosquitoes
  2 insubstantial wisps (Swamp:5)
  27 swamp worms
  5 wargs
  A mottled dragon (Lair:4)
  39 orc warriors
  4 hydra simulacra (IceCv)
  3 harpy simulacra (IceCv)
  34 water moccasins
  7 porcupines
  11 wasps
  An orb spider zombie (Spider:5)
  5 swamp drakes
  3 ice beasts
  A necrophage (D:13)
  4 sky beasts
  38 spiders
  2 black bears
  2 phantoms
  2 ettin simulacra (IceCv)
  10 ogres
  19 crocodiles
  17 centaurs
  4 boring beetles
  6 big kobolds
  19 giant frogs
  7 scorpions
  5 wights (D:9)
  25 killer bees
  7 electric eels
  5 crimson imps
  A giant frog zombie (D:7)
  4 centaur zombies
  5 hounds
  5 jellies
  A goliath beetle (D:6)
  2 quasits
  5 giant frog skeletons
  30 orc priests
  2 draconian simulacra (IceCv)
  11 iguanas
  10 worker ants
  8 hell rats
  4 centaur skeletons
  43 orc wizards
  2 troll simulacra (IceCv)
  2 yak simulacra (Lair:2)
  7 polar bear simulacra
  A spriggan simulacrum (IceCv)
  A centaur simulacrum (IceCv)
  A killer bee zombie (D:9)
  17 sheep
  3 wolf simulacra (IceCv)
  4 big kobold zombies (Sewer)
  A hound zombie (D:8)
  A mummy (D:14)
  A worker ant zombie (D:9)
  4 gnolls
  4 naga simulacra (IceCv)
  An ogre simulacrum (IceCv)
  34 adders
  4 giant mites
  69 river rats
  15 shadow imps
  8 white imps (IceCv)
  2 worms (D:8)
  3 ufetubi
  2 adder skeletons
  An orc skeleton (Orc:4)
  4 giant geckos
  An ooze (D:5)
  186 orcs
  3 ball pythons
  A bat skeleton (D:6)
  2 bat zombies
  6 giant cockroaches
  18 goblins
  14 hobgoblins
  12 jackals
  15 bats
  A giant cockroach zombie (Sewer)
  A giant newt (D:5)
  A giant spore (D:10)
  39 kobolds
  2 kobold zombies (Sewer)
  2 orc zombies (Orc:4)
  12 quokkas
  18 rats
  4 river rat simulacra (Lair:2)
  A ballistomycete (D:10)
  2 butterflies (D:5)
  A fungus (Lair:7)
  A plant (D:2)
1476 creatures vanquished.

Vanquished Creatures (collateral kills)
  A thorn hunter (Swamp:4)
  Rupert (Swamp:2)
  Agnes (Swamp:1)
  Wiglaf (Swamp:5)
  An emperor scorpion (Spider:5)
  Louise (Swamp:1)
  An orc warlord (Orc:4)
  A very ugly thing (Swamp:5)
  2 green deaths (Swamp:5)
  4 hydras
  Harold (Lair:3)
  Nessos (Orc:4)
  A ghost crab (Swamp:2)
  An alligator (Swamp:1)
  A thrashing horror (Swamp:5)
  A skeletal warrior (Vaults:1)
  3 swamp dragons
  4 orb spiders
  3 hornets
  5 wolf spiders
  An oklob plant (Lair:8)
  A cyclops (D:15)
  2 ugly things
  Joseph (Lair:1)
  2 spiny frogs
  A fire drake (Lair:8)
  A komodo dragon (Lair:8)
  A spectral jumping spider (Swamp:2)
  10 jumping spiders
  5 ravens
  3 giant leeches
  2 blink frogs (Lair:1)
  10 slime creatures
  4 bog bodies
  3 spriggans (Swamp:5)
  3 trapdoor spiders (Spider:5)
  3 tarantellas (Spider:5)
  A large abomination (Swamp:5)
  7 redbacks
  2 yaks (Lair:8)
  A shadow (Swamp:5)
  A hippogriff (D:14)
  A deep elf fighter (D:15)
  2 vampire mosquitoes (Swamp:2)
  An insubstantial wisp (Swamp:5)
  10 swamp worms
  2 water moccasins
  2 wasps (Swamp:5)
  12 spiders
  A centaur (D:14)
  4 crocodiles
  A giant frog (Lair:1)
  3 scorpions
  A hound (Lair:1)
  A jelly (Lair:8)
  An orc priest (D:13)
  2 orc wizards
  A sheep (D:15)
  2 adders (Lair:8)
  3 orcs
  3 fungi
153 creatures vanquished.

Vanquished Creatures (others)
  An Executioner (Spider:5)
  A blizzard demon (Swamp:2)
  2 very ugly thing zombies (Swamp:5)
  2 green deaths (Orc:4)
  2 ghost moth zombies (Spider:5)
  An ugly thing zombie (D:14)
  4 wolf spider zombies
  3 centaur zombies
  A spiny frog (Lair:8)
  2 death yak zombies (Lair:8)
  3 redback zombies
  2 swamp worm zombies
  A demonic crawler zombie (Spider:5)
  4 hydra zombies
  2 trapdoor spider zombies (Spider:5)
  A moth of wrath zombie (Spider:5)
  3 hornet zombies
  10 jumping spider zombies
  3 tarantella zombies
  An alligator zombie (Swamp:5)
  2 spriggan zombies
  A black mamba zombie (Lair:8)
  2 giant leech zombies
  A human (D:14)
  3 ynoxinuls
  A raven zombie (Swamp:5)
  A neqoxec (Lair:2)
  6 orb spider zombies
  3 spiny frog zombies
  2 swamp dragon zombies (Swamp:5)
  A ghost crab zombie (Swamp:5)
  A blink frog zombie (Lair:8)
  A hog zombie (D:14)
  A vampire mosquito zombie (Swamp:1)
  A wyvern zombie (Lair:8)
  A fire crab zombie (Lair:8)
  4 spider zombies
  A scorpion (D:10)
  3 water moccasin zombies
  A yak zombie (Lair:8)
  4 wasp zombies
  A boring beetle zombie (Lair:8)
  3 hounds
  A giant frog skeleton (D:15)
  3 kobold zombies (D:13)
  4 bog body skeletons
  A shadow imp (Lair:2)
  4 ufetubi
  3 adder zombies (Lair:8)
  An orc zombie (Orc:4)
  2 sheep zombies (Lair:8)
  2 orcs (Orc:2)
  3 rats (Orc:1)
  2 river rat zombies (Lair:8)
  5 fungi
  3 plants
128 creatures vanquished.

Grand Total: 1757 creatures vanquished

Notes
Turn   | Place    | Note
--------------------------------------------------------------
     0 | D:1      | wojtek, the Kobold Assassin, began the quest for the Orb.
     0 | D:1      | Reached XP level 1. HP: 12/12 MP: 1/1
   178 | D:1      | Reached XP level 2. HP: 17/17 MP: 2/2
   460 | D:2      | Found a snail-covered altar of Cheibriados.
   473 | D:2      | Found a basalt altar of Yredelemnul.
   496 | D:2      | Reached XP level 3. HP: 19/21 MP: 3/3
   741 | D:2      | Found an opulent altar of Gozag.
   742 | D:2      | Found a deep blue altar of Sif Muna.
   744 | D:2      | Found a stormy altar of Qazlal.
  1348 | D:3      | Noticed wojtek's ghost (average KoAs)
  1405 | D:3      | Reached skill level 5 in Short Blades
  1489 | D:3      | Reached XP level 4. HP: 22/26 MP: 4/4
  1891 | D:4      | Got a jewelled ring mail
  1951 | D:4      | Found a snail-covered altar of Cheibriados.
  2073 | D:4      | Reached skill level 6 in Short Blades
  2302 | D:4      | Reached XP level 5. HP: 30/30 MP: 5/5
  2366 | D:4      | Found a glowing drain.
  2371 | Sewer    | Entered a sewer
  2393 | Sewer    | Reached skill level 7 in Short Blades
  2538 | Sewer    | Reached XP level 6. HP: 35/35 MP: 6/6
  2571 | Sewer    | Found a burning altar of Makhleb.
  2587 | Sewer    | Reached skill level 8 in Short Blades
  2784 | Sewer    | Became a worshipper of Makhleb the Destroyer
  2818 | Sewer    | Reached skill level 1 in Invocations
  3138 | Sewer    | Reached XP level 7. HP: 34/40 MP: 8/8
  3207 | Sewer    | Noticed an apprentice kobold demonologist
  3220 | Sewer    | Killed an apprentice kobold demonologist
  3698 | D:4      | Acquired Makhleb's first power
  3757 | D:4      | Reached XP level 8. HP: 46/48 MP: 10/12
  3802 | D:5      | Entered Level 5 of the Dungeon
  4061 | D:5      | Found an iron altar of Okawaru.
  4433 | D:5      | Identified the Reference Book on Dislocation
  4460 | D:5      | Learned a level 2 spell: Blink
  4466 | D:5      | Found a staircase to the Ecumenical Temple.
  4477 | D:5      | Found a deep blue altar of Sif Muna.
  4485 | Temple   | Entered the Ecumenical Temple
  4886 | D:6      | Reached skill level 5 in Dodging
  4898 | D:6      | Acquired Makhleb's second power
  4994 | D:6      | Reached skill level 1 in Translocations
  5178 | D:6      | Reached skill level 5 in Fighting
  5521 | D:3      | Killed wojtek's ghost
  5521 | D:3      | Reached XP level 9. HP: 54/54 MP: 16/16
  5545 | D:3      | Found a shattered altar of Ashenzari.
  5596 | D:3      | Noticed Grinder
  5610 | D:3      | Killed Grinder
  5610 | D:3      | Reached skill level 5 in Invocations
  5875 | D:7      | Found a radiant altar of Vehumet.
  5953 | D:7      | Found Cisaicarr's Food Shoppe.
  6439 | D:7      | Acquired Makhleb's third power
  6463 | D:7      | Reached skill level 5 in Translocations
  6864 | D:8      | Reached XP level 10. HP: 55/61 MP: 20/20
  6901 | D:8      | Identified the cursed -4 ring mail of Evolution {MP-9 Dex+6} (You found it on level 4 of the Dungeon)
  6957 | D:8      | Found a sacrificial altar of Ru.
  6958 | D:8      | Noticed Psyche
  6968 | D:8      | Killed Psyche
  7124 | D:8      | Noticed a moth of wrath
  7127 | D:8      | Found a bloodstained altar of Trog.
  7769 | D:8      | Noticed valak23's ghost (experienced DrWn)
  7805 | D:8      | Killed valak23's ghost
  8670 | D:9      | Acquired Makhleb's fourth power
  9102 | D:9      | Found a blossoming altar of Fedhas.
  9122 | D:9      | Found a staircase to the Lair.
  9687 | D:9      | Reached XP level 11. HP: 68/68 MP: 22/22
  9863 | D:9      | Acquired Makhleb's fifth power
 10278 | D:9      | Found a blossoming altar of Fedhas.
 10373 | D:9      | Found a staircase to the Lair.
 10683 | Lair:1   | Entered Level 1 of the Lair of Beasts
 10772 | Lair:1   | Noticed Joseph
 10801 | Lair:1   | Killed Joseph
 10801 | Lair:1   | Reached skill level 9 in Dodging
 11803 | Lair:1   | Found an ancient bone altar of Kikubaaqudgha.
 12314 | Lair:2   | Reached skill level 10 in Dodging
 12352 | Lair:2   | Noticed an eight-headed hydra
 12354 | Lair:2   | HP: 3/72 [yak (11)]
 12696 | Lair:2   | Reached skill level 10 in Fighting
 12952 | Lair:2   | Noticed a necromancer
 12992 | Lair:2   | Noticed Fannar
 13137 | Lair:2   | Killed an eight-headed hydra
 13137 | Lair:2   | Reached XP level 12. HP: 59/77 MP: 25/25
 13413 | Lair:2   | Killed Fannar
 13645 | Lair:2   | Reached skill level 10 in Invocations
 13757 | Lair:2   | Killed a necromancer
 13892 | Lair:3   | Noticed Erica
 13893 | Lair:3   | Reached skill level 11 in Dodging
 14079 | Lair:3   | Killed Erica
 14361 | Lair:3   | Noticed Harold
 14398 | Lair:3   | Killed Harold
 14905 | Lair:3   | Noticed Snorg
 15943 | Lair:4   | Reached skill level 12 in Dodging
 16201 | Lair:4   | Reached XP level 13. HP: 85/85 MP: 26/27
 16521 | Lair:4   | Noticed a seven-headed hydra
 16530 | Lair:4   | Killed a seven-headed hydra
 17724 | Lair:5   | Got a slimy wooden ring
 18145 | Lair:5   | Identified the ring "Erhuesa" {Ice rElec rPois rN+ MP-9 Str+3} (You found it on level 5 of the Lair of Beasts)
 18832 | Lair:6   | Got a jewelled short sword
 18833 | Lair:6   | Identified the +8 short sword "Quxujith" {pierce, rPois Int+5} (You found it on level 6 of the Lair of Beasts)
 19060 | Lair:6   | Reached skill level 1 in Shields
 19774 | Lair:6   | Reached skill level 10 in Short Blades
 19778 | Lair:6   | Found a hole to the Spider Nest.
 20224 | Lair:6   | Found a staircase to the Swamp.
 20233 | Lair:6   | Reached skill level 13 in Dodging
 21808 | Lair:7   | Got a bloodstained cloak
 21819 | Lair:7   | Identified the -2 cloak of the Gravedigger {rPois rC+} (You found it on level 7 of the Lair of Beasts)
 21855 | Lair:7   | Reached XP level 14. HP: 92/92 MP: 28/28
 22642 | D:10     | Entered Level 10 of the Dungeon
 22672 | D:10     | Found Brounuda's Book Shop.
 23970 | D:11     | Reached skill level 5 in Shields
 24312 | D:10     | Bought a book of Callings for 360 gold pieces
 24314 | D:10     | Learned a level 1 spell: Summon Small Mammal
 24369 | D:12     | Found a staircase to the Orcish Mines.
 24610 | D:12     | Reached skill level 1 in Summonings
 24712 | D:12     | Learned a level 3 spell: Call Canine Familiar
 25214 | Orc:1    | Entered Level 1 of the Orcish Mines
 26640 | Orc:2    | Found Wiva's Food Shop.
 26931 | Orc:3    | Noticed Donald
 26953 | Orc:3    | Killed Donald
 27883 | Orc:4    | Entered Level 4 of the Orcish Mines
 28014 | Orc:4    | Noticed Josephine
 28064 | Orc:4    | Killed Josephine
 28119 | Orc:4    | Found a staircase to the Elven Halls.
 28228 | Orc:4    | Noticed Nessos
 28244 | Orc:4    | Killed Nessos
 28707 | Orc:4    | Reached skill level 14 in Dodging
 29065 | Orc:4    | Found a staircase to the Elven Halls.
 29503 | Orc:4    | Reached XP level 15. HP: 97/99 MP: 29/29
 29535 | Orc:4    | Noticed an orc warlord
 29554 | Orc:4    | Paralysed by an orc sorcerer for 7 turns
 29760 | Orc:4    | Noticed an orc warlord
 29782 | Orc:4    | Killed an orc warlord
 30034 | Orc:4    | Found Qofazudgh's General Store.
 30035 | Orc:4    | Found Kazocaul's Book Emporium.
 30037 | Orc:4    | Found Schiaprish's Antique Armour Emporium.
 30037 | Orc:4    | Found Skurir's Antique Weapon Shoppe.
 30070 | Orc:4    | Bought a scroll of fog for 20 gold pieces
 30071 | Orc:4    | Bought a book of Unlife for 975 gold pieces
 30076 | Orc:4    | Learned a level 4 spell: Animate Dead
 30152 | Orc:4    | Killed an orc warlord
 30698 | Lair:8   | Entered Level 8 of the Lair of Beasts
 30719 | Lair:8   | Reached skill level 1 in Necromancy
 31192 | Lair:8   | Reached skill level 5 in Necromancy
 31598 | Lair:8   | Found a staircase to the Slime Pits.
 31599 | Lair:8   | Found a viscous altar of Jiyva.
 31988 | Lair:8   | Found a white marble altar of Elyvilon.
 32149 | Lair:8   | Reached XP level 16. HP: 105/105 MP: 30/30
 33350 | Swamp:1  | Entered Level 1 of the Swamp
 33367 | Swamp:1  | Reached skill level 10 in Necromancy
 33624 | Swamp:1  | Noticed Agnes
 33636 | Swamp:1  | Killed Agnes
 33640 | Swamp:1  | Noticed Louise
 33647 | Swamp:1  | Your ally Agnes died
 33650 | Swamp:1  | Killed Louise
 34086 | Swamp:1  | Noticed Maud
 34104 | Swamp:1  | Killed Maud
 34448 | Swamp:2  | Noticed Rupert
 34452 | Swamp:2  | Paralysed by Rupert for 6 turns
 34457 | Swamp:2  | Killed Rupert
 34503 | Swamp:2  | Found a stormy altar of Qazlal.
 35410 | Lair:2   | Learned a level 3 spell: Recall
 35717 | Swamp:3  | Found a frozen archway.
 35732 | IceCv    | Entered an ice cave
 36895 | IceCv    | Got a pair of spiked boots
 37238 | Lair:2   | Identified the +5 pair of boots "Plelal" {-Cast +Inv rPois MP+9 SInv} (You found it in an ice cave)
 38345 | Swamp:4  | Reached XP level 17. HP: 111/111 MP: 22/31
 38442 | Swamp:4  | Got a crystal blowgun
 38636 | Swamp:4  | Noticed a thorn hunter
 38656 | Swamp:4  | Killed a thorn hunter
 39115 | Swamp:4  | Noticed a thorn hunter
 39125 | Swamp:4  | Killed a thorn hunter
 40014 | Lair:2   | Identified the cursed +0 blowgun of Popular Demand {evade, rC- rN+ Dex+3 SInv Stlth+} (You found it on level 4 of the Swamp)
 40197 | Spider:1 | Entered Level 1 of the Spider Nest
 40350 | Spider:1 | Reached skill level 15 in Dodging
 41194 | Spider:2 | Got a brightly glowing broad axe
 44298 | Spider:5 | Entered Level 5 of the Spider Nest
 44604 | Spider:5 | Reached XP level 18. HP: 117/117 MP: 19/32
 46115 | Spider:5 | Got a gossamer rune of Zot
 47496 | D:13     | Found a gate to the Vaults.
 47565 | D:13     | Reached skill level 15 in Fighting
 47796 | D:13     | Found Ytait's Food Shop.
 48043 | D:14     | Noticed Kirke
 48058 | D:14     | Killed Kirke
 48058 | D:14     | Reached skill level 1 in Armour
 48445 | D:14     | Reached skill level 16 in Dodging
 48475 | D:15     | Entered Level 15 of the Dungeon
 48578 | D:15     | Reached skill level 15 in Short Blades
 48692 | D:15     | Found a burning altar of Makhleb.
 49044 | D:15     | Found a staircase to the Depths.
 49470 | Lair:2   | Identified 3 scrolls of acquirement
 49729 | Swamp:5  | Entered Level 5 of the Swamp
 49847 | Swamp:5  | Reached XP level 19. HP: 95/124 MP: 32/32
 50177 | Swamp:5  | Noticed Wiglaf
 50190 | Swamp:5  | Killed Wiglaf
 50920 | Swamp:5  | Noticed a tentacled monstrosity
 50945 | Swamp:5  | Killed a tentacled monstrosity
 50989 | Swamp:5  | Got a decaying rune of Zot
 51653 | Lair:3   | Killed Snorg
 51851 | Vaults:1 | Entered Level 1 of the Vaults
 51881 | Vaults:1 | HP: 2/124 [yaktaur/bolt (14)]
 51900 | Vaults:1 | Slain by a skeletal warrior

Action                   |  1- 3 |  4- 6 |  7- 9 | 10-12 | 13-15 | 16-18 | 19-21 || total
-------------------------+-------+-------+-------+-------+-------+-------+-------++-------
Melee: Dagger            |   161 |   153 |   300 |   739 |   165 |   177 |   246 ||  1941
       Short sword       |       |       |       |       |  1684 |  1560 |       ||  3244
 Fire: Blowgun           |       |       |     5 |    25 |       |     1 |       ||    31
 Cast: Blink             |       |       |       |     8 |    15 |     3 |     2 ||    28
       Call Canine Famil |       |       |       |       |    13 |     1 |       ||    14
       Summon Small Mamm |       |       |       |       |     5 |       |       ||     5
       Animate Dead      |       |       |       |       |    12 |   106 |    15 ||   133
       Recall            |       |       |       |       |       |     1 |       ||     1
Invok: Lesser Servant of |       |       |       |    12 |       |     1 |       ||    13
       Greater Servant o |       |       |       |     2 |     5 |     7 |     2 ||    16
       Minor Destruction |       |       |       |     8 |    28 |    30 |     3 ||    69
       Major Destruction |       |       |       |       |     9 |     7 |       ||    16
Evoke: Wand              |       |       |       |       |     1 |     7 |       ||     8
  Use: Scroll            |       |       |     7 |     5 |    16 |     9 |    10 ||    47
       Potion            |       |       |       |     1 |     1 |     3 |     6 ||    11
 Stab: Sleeping          |     7 |     6 |     9 |    23 |    30 |    23 |     1 ||    99
       Distracted        |     1 |     1 |     1 |     2 |    13 |    22 |     6 ||    46
       Paralysed         |       |       |       |     1 |       |       |       ||     1
  Eat: Chunk             |    10 |     2 |    13 |    31 |    62 |    73 |    10 ||   201
       Meat ration       |       |       |       |       |       |     2 |       ||     2
